 Dungeon Crawl Stone Soup version 0.29.0-7-g18a832c13a (webtiles) character file.

Game seed: 9185061888390843189

1850 SnakkuSnakku7 the Skirmisher (level 9, -6/64 HPs)
             Began as a Merfolk Air Elementalist on Aug 30, 2022.
             Was an Initiate of Gozag.
             Mangled by a two-headed ogre
             ... wielding a +0 dire flail
              (20 damage)
             ... on level 7 of the Dungeon.
             The game lasted 00:15:14 (9096 turns).

SnakkuSnakku7 the Skirmisher (MfAE)                 Turns: 9096, Time: 00:15:15

Health: -6/64      AC:  6    Str: 15    XL:     9   Next: 12%
Magic:  12/12      EV: 11    Int: 14    God:    Gozag
Gold:   966        SH:  0    Dex: 18    Spells: 11/12 levels left

rFire   + . .      SeeInvis .   a - +0 shortbow
rCold   + . .      Faith    .   (shield currently unavailable)
rNeg    . . .      Spirit   .   B - +0 ring mail {rF+}
rPois   .          Reflect  .   o - +0 helmet
rElec   .          Harm     .   (no cloak)
rCorr   .          Rampage  .   (no gloves)
Will    .....                   (no boots)
Stlth   ++........              (no amulet)
HPRegen 0.20/turn               k - +6 ring of strength
MPRegen 0.13/turn               z - ring of protection from cold

@: no status effects
A: (nimble swimmer 2), mertail
a: Renounce Religion, Potion Petition, Call Merchant, Bribe Branch


You were on level 7 of the Dungeon.
You worshipped Gozag.
Gozag was pleased with you.
You visited 1 branch of the dungeon, and saw 7 of its levels.

You collected 1001 gold pieces.
You paid 35 gold pieces to Gozag.

Inventory:

Hand Weapons
 a - a +0 shortbow (weapon)
 b - a +1 short sword of venom
Missiles
 s - 3 poisoned darts
Armour
 o - a +0 helmet (worn)
 B - a +0 ring mail of fire resistance (worn)
Jewellery
 k - a +6 ring of strength (left hand)
 z - a ring of protection from cold (right hand)
 E - a +6 ring of intelligence
Wands
 w - a wand of digging (4)
Scrolls
 c - 2 scrolls of teleportation
 g - a scroll of amnesia {unknown}
 l - a scroll of blinking {unknown}
 m - 2 scrolls of fear {unknown}
 n - a scroll of brand weapon {unknown}
 r - a scroll of butterflies {unknown}
 x - a scroll of noise {unknown}
 y - 3 scrolls of vulnerability
Potions
 e - a potion of lignification
 f - 2 potions of curing
 h - a potion of ambrosia {unknown}
 i - a potion of invisibility {unknown}
 j - a potion of attraction
 q - 2 potions of brilliance {unknown}
 t - 4 potions of might
 u - a potion of magic
 v - a potion of cancellation
 A - a potion of mutation
 D - a potion of heal wounds


   Skills:
 - Level 3.3 Fighting
 + Level 9.2 Ranged Weapons
 - Level 2.6 Dodging
 - Level 2.1 Stealth
 - Level 2.0 Spellcasting
 - Level 0.7 Conjurations
 - Level 2.4 Air Magic


You had 11 spell levels left.
You knew the following spells:

 Your Spells              Type           Power      Damage    Failure   Level
a - Shock                 Conj/Air       20%        1d4       26%         1

Your spell library contained the following spells:

 Spells                   Type           Power      Damage    Failure   Level
 Magic Dart               Conj           12%        1d3       34%         1
 Static Discharge         Conj/Air       5%         3-4/arc   36%         2
 Swiftness                Air            8%         N/A       47%         3
 Call Imp                 Summ           1%         N/A       56%         2
 Mephitic Cloud           Conj/Pois/Air  4%         N/A       67%         3
 Gell's Gravitas          Tloc           1%         N/A       80%         3
 Teleport Other           Tloc           1%         N/A       80%         3
 Tukima's Dance           Hex            1%         N/A       80%         3
 Airstrike                Air            4%         2d(1-17)  87%         4
 Anguish                  Hex/Necr       0%         N/A       99%         4
 Passage of Golubria      Tloc           1%         N/A       99%         4
 Fireball                 Conj/Fire      1%         3d3       100%        5
 Yara's Violent Unravell  Hex/Tmut       0%         3d3       100%        5
 Dispersal                Tloc           0%         N/A       100%        6
 Starburst                Conj/Fire      1%         6d3       100%        6
 Enfeeble                 Hex            0%         N/A       100%        7
 Ignition                 Fire           0%         3d3       100%        8


Dungeon Overview and Level Annotations

Branches:
Dungeon (7/15)             Temple (0/1) D:6

Altars:
Ashenzari
Dithmenos
Elyvilon
Gozag
Kikubaaqudgha
Nemelex Xobeh
Okawaru
Vehumet
Wu Jian
Yredelemnul
Zin

Annotations:
D:5 3 runed translucent doors, Caestello's ghost, novice GrMo


Innate Abilities, Weirdness & Mutations

((You are very nimble when in or above water. (Stealth+, EV+, Speed+++)))
Your lower body shifts to a powerful aquatic tail in water.


Message History

Aim: a two-headed ogre, wielding a +0 dire flail and a +0 giant spiked club (76% to hit)
You throw a poisoned dart.
The poisoned dart hits the two-headed ogre.
Unknown command.
Throw: 4 darts (poison)
Press: ? - help, Shift-Dir - straight line, f/p - two-headed ogre
Aim: a two-headed ogre, wielding a +0 dire flail and a +0 giant spiked club (76% to hit)
You throw a poisoned dart.
The poisoned dart hits the two-headed ogre.
Unknown command.
Throw: dart (curare)
Press: ? - help, Shift-Dir - straight line, f/p - two-headed ogre
Aim: a two-headed ogre, wielding a +0 dire flail and a +0 giant spiked club (76% to hit)
You throw a curare-tipped dart.
The curare-tipped dart hits the two-headed ogre.
The two-headed ogre is poisoned.
The two-headed ogre convulses.
The two-headed ogre seems to slow down.
The two-headed ogre is lightly wounded.
Unknown command.
There is an open door here.
You shoot an arrow. The arrow hits the two-headed ogre.
The two-headed ogre is moderately wounded.
You shoot an arrow. The arrow hits the two-headed ogre.
The two-headed ogre is moderately wounded.
The two-headed ogre is no longer moving slowly.
You shoot an arrow. The arrow hits the two-headed ogre.
The two-headed ogre is heavily wounded.
You shoot an arrow. The arrow hits the two-headed ogre.
The two-headed ogre is heavily wounded.
The two-headed ogre hits you with a +0 dire flail!
The two-headed ogre hits you with a +0 giant spiked club!
You shoot an arrow. The arrow hits the two-headed ogre.
The two-headed ogre is heavily wounded.
Unknown command.
The two-headed ogre attacks as you move away!
The two-headed ogre hits you with a +0 dire flail!!
* * * LOW HITPOINT WARNING * * *
The two-headed ogre hits you with a +0 giant spiked club!!
You die...
Your body crumbles into a pile of gold.

#....# #... #....#
...####... ###'###
........... #.....#
............
#.....#######............
#........................
#........................
####'#.O..........##+#.).
#...#..@......... #...
#...#..)....#+## #...
#...#.......# #...
#...#..)....# #...
#...#)...)..# #####...
#...#.......# #.......
#...#.....).# #.......
#...#.......# #.>..##+
#...#.......# #....#


You could see a two-headed ogre (poisoned).

Vanquished Creatures
  Grinder (D:5)
  Menkaure (D:7)
  A water moccasin (D:5)
  A sky beast (D:5)
  A black bear (D:5)
  A centaur (D:6)
  2 phantoms (D:5)
  A kobold brigand (D:7)
  A necrophage (D:6)
  A scorpion (D:5)
  A bullfrog (D:5)
  2 jellies
  3 orc priests
  5 hounds (D:5)
  3 iguanas (D:5)
  6 orc wizards
  A gnoll (D:1)
  8 adders
  2 white imps (D:7)
  4 ufetubi
  3 worms
  A dart slug (D:2)
  28 orcs
  6 bats
  6 endoplasms
  3 giant cockroaches (D:1)
  6 goblins
  4 hobgoblins
  2 jackals (D:4)
  A quokka (D:2)
  2 ball pythons (D:1)
  5 kobolds
  11 rats
124 creatures vanquished.

Vanquished Creatures (others)
  A fungus (D:1)
  6 plants (D:1)
7 creatures vanquished.

Grand Total: 131 creatures vanquished

Notes
Turn   | Place    | Note
-------+----------+-------------------------------------------
     0 | D:1      | SnakkuSnakku7 the Merfolk Air Elementalist began the quest
                  | for the Orb.
     0 | D:1      | Reached XP level 1. HP: 13/13 MP: 3/3
   260 | D:1      | Reached skill level 1 in Fighting
   473 | D:1      | Reached XP level 2. HP: 17/22 MP: 5/5
   889 | D:1      | HP: 1/22 [gnoll/+0 club (5)]
   982 | D:1      | Found a faded altar of an unknown god.
  1107 | D:1      | Reached XP level 3. HP: 28/28 MP: 6/6
  1375 | D:2      | You fall into a shaft and drop 1 floor!
  1409 | D:3      | Found a sparkling altar of Nemelex Xobeh.
  1410 | D:3      | Found an opulent altar of Gozag.
  1415 | D:3      | Became a worshipper of Gozag Ym Sagoz the Greedy
  1477 | D:2      | Found an ancient bone altar of Kikubaaqudgha.
  1978 | D:3      | Reached skill level 1 in Ranged Weapons
  1981 | D:3      | Reached XP level 4. HP: 35/35 MP: 7/7
  2099 | D:3      | Found a white marble altar of Elyvilon.
  2140 | D:3      | Found a radiant altar of Vehumet.
  2140 | D:3      | Found an iron altar of Okawaru.
  2142 | D:3      | Found a glowing silver altar of Zin.
  2403 | D:3      | Found an ornate altar of the Wu Jian Council.
  2405 | D:3      | Found a broken altar of Ashenzari.
  2409 | D:3      | Found a shadowy altar of Dithmenos.
  2733 | D:4      | Reached skill level 2 in Ranged Weapons
  2830 | D:4      | Reached XP level 5. HP: 10/41 MP: 8/8
  2842 | D:5      | Entered Level 5 of the Dungeon
  3099 | D:5      | Noticed a black bear
  3115 | D:5      | Killed a black bear
  3116 | D:5      | Reached skill level 3 in Ranged Weapons
  3234 | D:5      | Noticed a water moccasin
  3239 | D:5      | Reached XP level 6. HP: 39/47 MP: 9/9
  3249 | D:5      | Killed a water moccasin
  3250 | D:5      | Reached skill level 4 in Ranged Weapons
  3510 | D:5      | Found a runed translucent gate.
  3510 | D:5      | Found a runed translucent gate.
  3510 | D:5      | Found a runed translucent gate.
  3512 | D:5      | Noticed Caestello's ghost (novice GrMo)
  3945 | D:5      | Reached skill level 5 in Ranged Weapons
  3945 | D:5      | Reached XP level 7. HP: 15/52 MP: 10/10
  3954 | D:5      | Noticed Grinder
  4822 | D:5      | Reached skill level 6 in Ranged Weapons
  5234 | D:4      | Found a basalt altar of Yredelemnul.
  5730 | D:5      | Paralysed by Grinder for 5 turns
  5737 | D:5      | Paralysed by Grinder for 5 turns
  5997 | D:5      | Paralysed by Grinder for 2 turns
  6018 | D:5      | Killed Grinder
  6019 | D:5      | Reached skill level 7 in Ranged Weapons
  6019 | D:5      | Reached XP level 8. HP: 58/58 MP: 11/11
  7516 | D:5      | Reached skill level 8 in Ranged Weapons
  8024 | D:6      | Found a staircase to the Ecumenical Temple.
  8670 | D:7      | Reached XP level 9. HP: 64/64 MP: 12/12
  8808 | D:7      | Reached skill level 9 in Ranged Weapons
  8884 | D:7      | Noticed Menkaure
  8892 | D:7      | Killed Menkaure
  9069 | D:7      | Noticed a two-headed ogre
  9096 | D:7      | Mangled by a two-headed ogre

Illustrated notes

Levels and vault maps discovered:
D:1:      amcnicky_arrival_underground_garden, layout_basic,
          shapermc_ecumenical_altar_hornbeckon
D:2:      layout_basic, basic_altar, minmay_misc_feat_x
D:3:      layout_basic, grunt_temple_overflow_opulence, minitemple,
          nicolae_overflow_hidden_temple, serial_curves, eino_curves_01,
          eino_curves_04
D:4:      layout_gridville, mainiacjoe_overflow_small_starburst,
          serial_co_window_serial, co_window_of_opportunity_a,
          co_window_cross_1, co_window_paths_a, co_window_paths_a,
          co_window_cross_1, co_window_paths_b, co_window_corner_a,
          co_window_corner_a, co_window_paths_b, co_window_corner_cb,
          co_window_broadway_c, co_window_broadway_a, co_window_4corner_a,
          glass_columns_a, glass_columns_a, kennysheep_generic_room_13
D:5:      layout_basic, ebering_ghost_rock_garden, st_stairs_4,
          roderic_lattice_a, uniq_grinder
D:6:      layout_rooms, minmay_temple_entry_antechambers
D:7:      layout_gridville, minivault_24, uniq_menkaure

Skill      XL: |  1  2  3  4  5  6  7  8  9 |
---------------+----------------------------+-----
Fighting       | 1 2 3 |  3.3
Ranged Weapons | 1 2 3 5 7 8 9 |  9.2
Dodging        | |  2.6
Stealth        | |  2.1
Spellcasting   | |  2.0
Conjurations   | |  0.7
Air Magic      | |  2.4

Action                   |  1- 3 |  4- 6 |  7- 9 || total
-------------------------+-------+-------+-------++-------
Melee: Dagger            |    44 |       |     1 ||    45
       Unarmed           |     2 |       |     9 ||    11
       Quarterstaff      |    32 |       |       ||    32
       Sling             |       |     1 |     4 ||     5
 Fire: Sling             |     2 |   121 |   310 ||   433
       Shortbow          |       |       |   124 ||   124
Throw: Dart              |       |       |     7 ||     7
 Cast: Shock             |    18 |       |       ||    18
Evoke: Wand              |       |     6 |     1 ||     7
  Use: Potion            |     2 |     3 |     5 ||    10
       Scroll            |       |       |     7 ||     7
 Stab: Sleeping          |     3 |       |       ||     3
       Distracted        |     1 |       |       ||     1
Armor: Robe              |    11 |       |       ||    11
       Ring mail         |     3 |    41 |   147 ||   191
       Skin              |       |       |    10 ||    10
Dodge: Dodged            |    57 |    72 |   198 ||   327
